 Dungeon Crawl Stone Soup version 0.28-a0-674-gdaf460b524 (webtiles) character file.

Game seed: 10422342417640276984

2037 siradein the Skirmisher (level 9, -5/60 (61) HPs)
             Began as a Demonspawn Gladiator on Oct 18, 2021.
             Was a Follower of Hepliaklqana.
             Killed by divine providence
             ... invoked by an orc priest
              (16 damage)
             ... on level 7 of the Dungeon.
             The game lasted 00:20:46 (8774 turns).

siradein the Skirmisher (Demonspawn Gladiator)      Turns: 8774, Time: 00:20:46

HP:   -5/60 (61)    AC:  6    Str: 16    XL:     9   Next: 4%
MP:   11/11         EV: 12    Int:  9    God:    Hepliaklqana [*.....]
Gold: 423           SH: 10    Dex: 17    Spells: 8/8 levels left

rFire   . . .      SeeInvis .   M - +2 scimitar
rCold   + . .      Faith    .   g - +0 kite shield
rNeg    . . .      Spirit   .   L - +1 leather armour {rC+}
rPois   .          Reflect  .   (helmet restricted)
rElec   .          Harm     .   j - +0 cloak
rCorr   .          Rampage  .   o - +0 pair of gloves
Will    .....                   (no boots)
Stlth   +.........              w - amulet of the acrobat
HPRegen 0.20/turn               (no ring)
MPRegen 0.12/turn               (no ring)

@: lightly drained
A: reduced essence, antennae 2, foul stench 1, sturdy frame 1, demonic magic 1
a: Renounce Religion, Recall Ancestor, Ancestor Identity


You were on level 7 of the Dungeon.
You worshipped Hepliaklqana.
Hepliaklqana was aware of your devotion.
You visited 2 branches of the dungeon, and saw 8 of its levels.
You also visited: Sewer.

You collected 423 gold pieces.

Inventory:

Hand Weapons
 q - a +0 hunting sling
 H - a +2 rapier of venom
 M - a +2 scimitar (weapon)
Missiles
 d - 3 throwing nets
 l - 20 sling bullets
 v - 194 stones
 y - 29 poisoned darts (quivered)
 F - 4 javelins
Armour
 g - a +0 kite shield (worn)
 j - a +0 cloak (worn)
 n - a +0 tower shield
 o - a +0 pair of gloves (worn)
 L - a +1 leather armour of cold resistance (worn)
Jewellery
 w - an amulet of the acrobat (around neck)
Wands
 E - a wand of iceblast (4)
 J - a wand of flame (17)
Scrolls
 b - 2 scrolls of teleportation {unknown}
 f - a scroll of enchant weapon {unknown}
 h - 3 scrolls of torment
 m - 2 scrolls of amnesia {unknown}
 p - a scroll of immolation
 r - 2 scrolls of blinking {unknown}
 t - a scroll of fear {unknown}
 u - a scroll of identify {unknown}
 A - a scroll of fog {unknown}
 C - a scroll of summoning {unknown}
 D - 2 scrolls of enchant armour {unknown}
 G - 2 scrolls of vulnerability {unknown}
Potions
 a - a potion of heal wounds {unknown}
 c - a potion of invisibility {unknown}
 e - a potion of ambrosia {unknown}
 i - 2 potions of curing
 k - a potion of mutation {unknown}
 s - 2 potions of attraction {unknown}
 x - a potion of berserk rage {unknown}
 z - a potion of might {unknown}
 B - a potion of degeneration {unknown}
 I - a potion of cancellation {unknown}
 K - a potion of resistance {unknown}


   Skills:
 + Level 5.4 Fighting
 + Level 5.3 Long Blades
 + Level 5.0 Throwing
 + Level 5.3 Dodging
 + Level 4.4 Shields
 + Level 3.6 Invocations


You had 8 spell levels left.
You didn't know any spells.
Your spell library contained the following spells:

 Spells                   Type           Power      Damage    Failure   Level
 Beastly Appendage        Tmut           0%         N/A       86%         1
 Ensorcelled Hibernation  Hex/Ice        0%         N/A       94%         2
 Wereblood                Tmut           0%         N/A       94%         2
 Frozen Ramparts          Ice            0%         1d2       99%         3
 Spider Form              Tmut/Pois      0%         N/A       99%         3
 Ice Form                 Ice/Tmut       0%         N/A       100%        4
 Summon Ice Beast         Ice/Summ       0%         N/A       100%        4


Dungeon Overview and Level Annotations

Branches:
Dungeon (7/15)             Temple (1/1) D:5           Sewer (visited)

Altars:
Ashenzari
Cheibriados
Dithmenos
Elyvilon
Fedhas
Gozag
Hepliaklqana
Kikubaaqudgha
Makhleb
Nemelex Xobeh
Okawaru
Qazlal
Ru
Sif Muna
Trog
Uskayaw
Vehumet
Wu Jian
Xom
Yredelemnul
The Shining One

Shops:
D:7 **

Annotations:
D:3 3 runed translucent doors, AlleluiaPinecone's ghost, amateur VSBr


Innate Abilities, Weirdness & Mutations

Your life essence is reduced to manifest your ancestor. (-10% HP)
You have a pair of antennae on your head.
You may rarely emit foul miasma when damaged in melee.
Your movements are slightly less encumbered by armour. (ER -2)
Spells you cast may paralyse adjacent enemies.


Message History

The orc wizard casts a spell.
The orc wizard flickers and vanishes!
The kobold brigand closely misses you.
You hit the kobold brigand.
The kobold brigand is moderately wounded.
You feel sick.
The centaur shoots an arrow.
The arrow hits you.
The centaur shoots an arrow.
The arrow misses you. You block the kobold brigand's attack.
You barely miss the kobold brigand.
The kobold brigand is moderately wounded.
You feel sick.
The centaur shoots an arrow.
The arrow hits you! You block the kobold brigand's attack.
The centaur shoots an arrow.
The arrow hits you!
You are too injured to fight recklessly!
Unknown command.
You feel sick.
You are no longer poisoned.
The centaur unwields a +0 shortbow.
The centaur wields a +0 war axe.
The centaur closely misses you. The centaur completely misses you.
You block the kobold brigand's attack.
You closely miss the kobold brigand.
The kobold brigand is moderately wounded.
You block the centaur's attack. x3; The centaur closely misses you.
The kobold brigand hits you but does no damage.
The centaur hits you with a +0 war axe!
* * * LOW HITPOINT WARNING * * *
The centaur closely misses you.
The kobold brigand hits you with a +0 dagger.
* * * LOW HITPOINT WARNING * * *
The centaur unwields a +0 war axe.
The centaur wields a +0 shortbow.
The centaur shoots an arrow.
The arrow closely misses you.
The kobold brigand throws a poisoned dart.
The poisoned dart misses you.
The orc priest mumbles some strange prayers to Beogh against you.
Beogh smites you!
* * * LOW HITPOINT WARNING * * *
The centaur shoots an arrow.
You block the arrow.
It was a potion of curing.
You feel better.
The orc priest invokes the aid of Beogh against you.
Beogh smites you!
You die...

....... #.. ....... #..
....>. #.. ..o(########## #..
######.)......... ###
#....#o{)........ #
#....'..KK....... #
#..###..c........ #
#..#....@.####### #
..'......# # ...#......# # ..
#......# #
#####......############ #
..##...#....##..#..#.....# #
.......#....#......#.....# #
.......'....#......'.....# #
.####'##....#####'##.....####


You could see an orc warrior, a kobold brigand, a centaur, an orc priest and a
kobold.

Vanquished Creatures
  A water moccasin (D:5)
  An ice beast (D:7)
  Purgy (Sewer)
  A sky beast (D:7)
  2 black bears
  A necrophage (D:4)
  A centaur (D:4)
  A phantom (D:4)
  2 scorpions
  A water moccasin zombie (D:5)
  A water moccasin skeleton (D:5)
  5 wights
  A centaur zombie (D:6)
  A gnoll shaman (D:5)
  4 hounds
  2 orc priests
  A jelly (D:5)
  2 orc wizards
  Terence (D:3)
  5 gnolls
  8 adders
  3 shadow imps (D:5)
  An ufetubus (D:6)
  2 adder skeletons (D:4)
  A worm (D:2)
  3 dart slugs
  15 orcs
  9 ball pythons
  11 bats
  11 endoplasms
  4 giant cockroaches
  8 goblins
  2 hobgoblins
  6 quokkas
  5 frilled lizards
  12 kobolds
  5 rats
141 creatures vanquished.

Vanquished Creatures (collateral kills)
  3 wights (D:7)
  An orc priest (D:7)
  An orc wizard (D:7)
  3 orcs (D:7)
  A kobold (D:7)
9 creatures vanquished.

Vanquished Creatures (others)
  An ancestor (D:7)
1 creature vanquished.

Grand Total: 151 creatures vanquished

Notes
Turn   | Place    | Note
-------+----------+-------------------------------------------
     0 | D:1      | siradein the Demonspawn Gladiator began the quest for the
                  | Orb.
     0 | D:1      | Reached XP level 1. HP: 16/16 MP: 1/1
   319 | D:1      | Gained mutation: Your movements are slightly less
                  | encumbered by armour. (ER -2) [demonic ancestry]
   319 | D:1      | Reached XP level 2. HP: 19/22 MP: 2/2
   750 | D:1      | Gained mutation: You have a pair of small antennae on your
                  | head. [demonic ancestry]
   750 | D:1      | Reached XP level 3. HP: 21/28 MP: 3/3
  1050 | D:1      | Reached skill level 1 in Shields
  1656 | D:2      | Gained mutation: Spells you cast may paralyse adjacent
                  | enemies. [demonic ancestry]
  1656 | D:2      | Reached XP level 4. HP: 14/34 MP: 4/4
  2858 | D:3      | Noticed Terence
  2866 | D:3      | Killed Terence
  2971 | D:3      | Gained mutation: You may rarely emit foul miasma when
                  | damaged in melee. [demonic ancestry]
  2971 | D:3      | Reached XP level 5. HP: 37/40 MP: 5/5
  3029 | D:3      | Found a runed translucent gate.
  3030 | D:3      | Found a runed translucent gate.
  3031 | D:3      | Found a runed translucent gate.
  3035 | D:3      | Noticed AlleluiaPinecone's ghost (amateur VSBr)
  3071 | D:3      | Found a faded altar of an unknown god.
  3087 | D:3      | Found a faded altar of an unknown god.
  3547 | D:4      | Noticed a necrophage
  3564 | D:4      | Killed a necrophage
  3565 | D:4      | Reached XP level 6. HP: 19/47 MP: 6/6
  4192 | D:4      | Reached XP level 7. HP: 49/53 MP: 7/7
  4739 | D:5      | Entered Level 5 of the Dungeon
  5370 | D:5      | Found a staircase to the Ecumenical Temple.
  5390 | Temple   | Entered the Ecumenical Temple
  5626 | Temple   | Became a worshipper of Hepliaklqana the Forgotten
  5814 | D:5      | Gained mutation: You have a pair of antennae on your head.
                  | [demonic ancestry]
  5814 | D:5      | Reached XP level 8. HP: 52/61 MP: 8/8
  5948 | D:5      | Reached skill level 1 in Invocations
  6679 | D:6      | Found a glowing drain.
  6952 | Sewer    | Entered a sewer
  7082 | Sewer    | Noticed Purgy
  7090 | Sewer    | Killed Purgy
  7320 | D:6      | Reached skill level 5 in Fighting
  7320 | D:6      | Reached skill level 5 in Long Blades
  7451 | D:6      | Reached skill level 5 in Dodging
  7615 | D:6      | Reached * piety under Hepliaklqana
  7746 | D:7      | Found Rozu's Assorted Antiques.
  7896 | D:7      | Found Zonill's Gadget Gallery.
  8344 | D:7      | Reached XP level 9. HP: 61/61 MP: 11/11
  8383 | D:7      | Reached skill level 5 in Throwing
  8773 | D:7      | HP: 1/60 [orc priest/divine providence (9)]
  8774 | D:7      | Killed from afar by an orc priest

Illustrated notes

Levels and vault maps discovered:
D:1:      dpeg_cavernosity, layout_rooms, hangedman_glass_teeth
D:2:      layout_rooms
D:3:      layout_rooms, gammafunk_ghost_necromancy,
          hellmonk_ecumenical_altar_the_god_not_taken, uniq_terence
D:4:      layout_loops_cross
D:5:      layout_loops_corners, minmay_temple_entry_statues_pillars, hex_tiny
D:6:      layout_cave_pools, gup_sewer_entry_glass, kennysheep_cross_room
D:7:      layout_gridville, serial_shops, nicolae_stop_n_shop_2,
          minmay_misc_feat_encased, nicolae_shop_gadgets
Temple:   minmay_crystal_snake_temple

Skill      XL: |  1  2  3  4  5  6  7  8  9 |
---------------+----------------------------+-----
Throwing       | 2 3 4 5 |  5.0
Long Blades    | 3 4 5 |  5.3
Shields        | 1 2 3 4 |  4.4
Dodging        | 3 4 5 |  5.3
Fighting       | 3 4 5 |  5.4
Invocations    | 3 |  3.6

Action                   |  1- 3 |  4- 6 |  7- 9 || total
-------------------------+-------+-------+-------++-------
Melee: Long sword        |   110 |    89 |     3 ||   202
       Rapier            |       |    43 |   185 ||   228
       Falchion          |       |       |    32 ||    32
       Scimitar          |       |       |    26 ||    26
 Fire: Hunting sling     |       |    15 |    67 ||    82
Invok: Ancestor Identity |       |       |     1 ||     1
  Use: Scroll            |       |     1 |     1 ||     2
       Potion            |       |       |     1 ||     1
 Stab: Sleeping          |       |     1 |       ||     1
       Distracted        |       |       |     1 ||     1
Armor: Leather armour    |    44 |    51 |    27 ||   122
       Ring mail         |       |       |    48 ||    48
Dodge: Dodged            |    74 |    85 |   144 ||   303
Block: Kite shield       |    68 |    41 |    81 ||   190
       Tower shield      |     3 |       |       ||     3
       Buckler           |       |    11 |    26 ||    37

Table legend: (Time is in decaauts)
 A = Elapsed time spent in this place.
 B = Non-inter-level travel time spent in this place.
 C = Inter-level travel time spent in this place.
 D = Time resting spent in this place.
 E = Time spent auto-exploring this place.
 F = Levels seen in this place.
 G = Mean time per level.
                   A        B        C        D        E       F      G
               +--------+--------+--------+--------+--------+-----+--------+
         Total |   8925 |   8601 |    324 |    607 |   6388 |   9 |  991.7 |
       Dungeon |   8305 |   7981 |    324 |    607 |   5856 |   7 | 1186.4 |
        Temple |    400 |    400 |      0 |      0 |    374 |   1 |  400.0 |
         Sewer |    218 |    218 |      0 |      0 |    158 |   1 |  218.0 |
               +--------+--------+--------+--------+--------+-----+--------+

Top non-repeatable levels by time:
     D:5: 1601 daAuts
     D:4: 1496 daAuts
     D:1: 1371 daAuts
     D:3: 1150 daAuts
     D:2: 1051 daAuts
     D:7: 887 daAuts
     D:6: 745 daAuts
  Temple: 400 daAuts
   Sewer: 218 daAuts
